 Dungeon Sprint DCSS version 0.28.0-43-g3370ac3207 (webtiles) character file.

Game seed: 4321469492121848754

2890 boopmooplesden the Severer (level 9, -7/93 HPs)
             Began as a Minotaur Fighter on Mar 1, 2022.
             Mangled by a boulder beetle (13 damage)
             ... in the Dungeon (Sprint II: "The Violet Keep of Menkaure").
             The game lasted 00:03:02 (1055 turns).

boopmooplesden the Severer (Minotaur Fighter)       Turns: 1055, Time: 00:03:02

Health: -7/93      AC: 10    Str: 24    XL:     9   Next: 48%
Magic:  8/8        EV: 11    Int:  3    God:
Gold:   551        SH:  0    Dex: 11    Spells: 8/8 levels left

rFire   . . .      SeeInvis .   k - +4 battleaxe (freeze)
rCold   . . .      Faith    .   (shield currently unavailable)
rNeg    . . .      Spirit   .   i - +1 scale mail "Noqajaq" {+Blink}
rPois   .          Reflect  .   (helmet restricted)
rElec   .          Harm     .   (no cloak)
rCorr   .          Rampage  .   (no gloves)
Will    .....      NoTele   +   (no boots)
Stlth   ..........              (no amulet)
HPRegen 0.25/turn               (no ring)
MPRegen 0.11/turn               (no ring)

@: unable to read, very slow
A: horns 2, retaliatory headbutt, dopey 1, subdued magic 1, inability to read
while threatened
a: Evoke Blink


You were in the Dungeon.
You visited 1 branch You collected 1069 gold pieces.
You spent 518 gold pieces at shops.

Inventory:

Hand Weapons
 a - a +0 war axe
 k - a +4 battleaxe of freezing (weapon)
Armour
 b - a +0 scale mail
 c - a +0 buckler
 i - the +1 scale mail "Noqajaq" (worn) {+Blink}
   (You bought it in a shop in the Dungeon)

   +Blink:    It lets you blink.
Scrolls
 j - a scroll of blinking
Potions
 e - a potion of curing
 f - a potion of heal wounds
 g - a potion of haste
 h - 2 potions of magic


   Skills:
 + Level 13.5 Fighting
 + Level 15.5 Axes
 + Level 12.8 Armour
 + Level 4.1 Dodging
 + Level 1.0 Stealth
 + Level 11.1 Shields


You had 8 spell levels left.
You didn't know any spells.
Your spell library was empty.

Dungeon Overview and Level Annotations

Branches:
Dungeon (1/1)

Altars:
Cheibriados
Dithmenos
Elyvilon
Fedhas
Gozag
Hepliaklqana
Kikubaaqudgha
Makhleb
Nemelex Xobeh
Okawaru
Qazlal
Ru
Sif Muna
Trog
Uskayaw
Vehumet
Wu Jian
Xom
Yredelemnul
Zin
The Shining One
Beogh
Jiyva
Lugonu

Shops:
D =:[**!=[([::!?(

Annotations:
D exclusion: oklob plant


Innate Abilities, Weirdness & Mutations

You have a pair of horns on your head.
You reflexively headbutt those who attack you in melee.
You are dopey. (Int -2)
Your spells are a little easier to cast, but a little less powerful.
You sometimes lose the ability to read scrolls when taking damage.


Message History

The boulder beetle curls into a ball and begins rolling!
You open the door.
Found 3 sedimented amethyst potions and 27 gold pieces.
Found a snail-covered altar of Cheibriados and a hazy altar of Hepliaklqana.
There is an open door here.
Found 15 gold pieces and 3 potions of magic.
Found a roughly hewn altar of Beogh.
The boulder beetle is engulfed in a cloud of scalding steam.
There is an iron altar of Okawaru here.
Found 21 stones and a potion of curing.
You barely miss the boulder beetle.
The boulder beetle is lightly wounded.
The boulder beetle hits you!!!
You feel threatened and lose the ability to read scrolls!
* * * LOW HITPOINT WARNING * * *
The boulder beetle stops rolling and uncurls.
You hit the boulder beetle but do no damage.
The boulder beetle is lightly wounded.
The boulder beetle bites you!
* * * LOW HITPOINT WARNING * * *
You slice the boulder beetle!! You freeze the boulder beetle!
Your headbutt misses the boulder beetle.
The boulder beetle is heavily wounded.
The boulder beetle leaps!
There is an iron altar of Okawaru here.
You close the door.
The boulder beetle curls into a ball and begins rolling!
You open the door.
There is an open door here.
You enter the shallow water.
Moving in this stuff is going to be slow.
Found a robe and a pair of boots.
The boulder beetle hits you!
* * * LOW HITPOINT WARNING * * *
The boulder beetle stops rolling and uncurls.
There's a creature in the doorway!
You slash the boulder beetle! You freeze the boulder beetle.
You headbutt the boulder beetle, but do no damage.
The boulder beetle is severely wounded.
The boulder beetle bites you!
You die... +## #.##.#### +.##. ##.# ...# ...#### #.####..## #..##.# '###.##..# +..#..# !! .##..†#..# #.^#..# ($$[

<.'###'..####..##)#▓!$$[
.##...#§.§.###...##▓▓▓▓▓
'###.##......≈≈≈@≈≈≈≈≈≈≈
######≈≈...§.≈#B########
#..#≈≈≈≈≈§§..≈#_°°._...#
..##≈≈≈≈§≈≈≈.≈#._._._._#
'##≈≈≈§≈§§≈≈≈≈#_._._._.#
≈≈≈≈≈≈≈≈≈≈§§§≈#._._._._#
#+++#≈≈≈≈≈≈≈§≈#.._._._.#
SSS≈##≈≈§###§≈#..._._._#
SS§≈≈# ≈≈# #≈≈#...._._.


You could see a boulder beetle.

Vanquished Creatures
  A boulder beetle (D)
  A yaktaur (D)
  3 polar bears (D)
  A hornet (D)
  A blink frog (D)
  2 wyverns (D)
  3 neqoxecs (D)
  2 water moccasins (D)
  4 scorpions (D)
18 creatures vanquished.

Vanquished Creatures (others)
  A neqoxec (D)
  Menkaure (D)
2 creatures vanquished.

Grand Total: 20 creatures vanquished

Notes
Turn   | Place    | Note
-------+----------+-------------------------------------------
     0 | D        | boopmooplesden the Minotaur Fighter began the quest for the
                  | Orb.
     0 | D        | Reached XP level 1. HP: 19/19 MP: 0/0
     1 | D        | Noticed a boulder beetle
     1 | D        | Noticed a boulder beetle
     4 | D        | Noticed a wyvern
     4 | D        | Noticed a wyvern
     8 | D        | Killed a wyvern
     9 | D        | Reached skill level 5 in Axes
     9 | D        | Reached XP level 2. HP: 35/35 MP: 1/1
     9 | D        | Reached XP level 3. HP: 40/40 MP: 2/2
     9 | D        | Reached XP level 4. HP: 48/48 MP: 3/3
     9 | D        | Reached XP level 5. HP: 53/53 MP: 4/4
    11 | D        | Killed a wyvern
    12 | D        | Reached skill level 6 in Axes
    12 | D        | Reached XP level 6. HP: 63/63 MP: 5/5
    50 | D        | Noticed a neqoxec
    52 | D        | Noticed a neqoxec
    52 | D        | Gained mutation: Your spells are a little easier to cast,
                  | but a little less powerful. [a neqoxec]
    52 | D        | Killed Menkaure
    55 | D        | Gained mutation: You sometimes lose the ability to read
                  | scrolls when taking damage. [a neqoxec]
    58 | D        | Gained mutation: You are dopey. (Int -2) [a neqoxec]
    62 | D        | Killed a neqoxec
    63 | D        | Reached skill level 7 in Axes
    68 | D        | Killed a neqoxec
    69 | D        | Reached skill level 10 in Fighting
    69 | D        | Reached skill level 8 in Axes
    69 | D        | Reached skill level 10 in Armour
    69 | D        | Reached XP level 7. HP: 61/73 MP: 6/6
    70 | D        | Noticed a neqoxec
    80 | D        | Killed a neqoxec
    81 | D        | Reached skill level 9 in Axes
   123 | D        | Killed a neqoxec
   338 | D        | Reached skill level 1 in Dodging
   341 | D        | Reached skill level 10 in Shields
   347 | D        | Reached skill level 10 in Axes
   432 | D        | Found Goull's Distillery.
   432 | D        | Found Arupaus's Antique Weapon Emporium.
   432 | D        | Found Yvumaorgh's Antique Weapon Shoppe.
   432 | D        | Found Leigg's Book Shoppe.
   432 | D        | Found Suvasel's Magic Scroll Shoppe.
   432 | D        | Found Ypinn's Book Emporium.
   432 | D        | Found Vimuc's Antique Armour Shoppe.
   433 | D        | Found Ofi Maduuc's Distillery.
   433 | D        | Found Aplu's Antique Armour Emporium.
   433 | D        | Found Gejoelol's Jewellery Emporium.
   433 | D        | Found Ruobiraw's General Store.
   433 | D        | Noticed a yak
   433 | D        | Noticed a yak
   439 | D        | Reached XP level 8. HP: 82/82 MP: 7/7
   446 | D        | Noticed a blink frog
   465 | D        | Killed a blink frog
   466 | D        | Reached skill level 11 in Axes
   468 | D        | Found Quqa's General Store.
   468 | D        | Found Myjetz's Armour Emporium.
   468 | D        | Noticed an oklob plant
   469 | D        | Found Judghis's Jewellery Shoppe.
   469 | D        | Found Pod Geluby's Book Shoppe.
   469 | D        | Noticed a hell hog
   470 | D        | Noticed a hell hog
   477 | D        | Bought a jewelled scale mail for 243 gold pieces
   477 | D        | Identified the +1 scale mail "Noqajaq" {+Blink} (You bought
                  | it in a shop in the Dungeon)
   493 | D        | Bought a glowing battleaxe for 275 gold pieces
   979 | D        | Killed a boulder beetle
   980 | D        | Reached skill level 13 in Axes
   986 | D        | Found an iron altar of Okawaru.
   986 | D        | Found an opulent altar of Gozag.
   987 | D        | Found a sparkling altar of Nemelex Xobeh.
   987 | D        | Found a blossoming altar of Fedhas.
   988 | D        | Found a radiant altar of Vehumet.
   988 | D        | Found a burning altar of Makhleb.
   988 | D        | Found a white marble altar of Elyvilon.
   989 | D        | Found a hide-covered altar of Uskayaw.
   989 | D        | Found a corrupted altar of Lugonu.
   989 | D        | Found a shadowy altar of Dithmenos.
   990 | D        | Found a glowing silver altar of Zin.
   990 | D        | Found a bloodstained altar of Trog.
   990 | D        | Found an ancient bone altar of Kikubaaqudgha.
   991 | D        | Found a basalt altar of Yredelemnul.
   991 | D        | Found a shimmering blue altar of Sif Muna.
   991 | D        | Found a viscous altar of Jiyva.
   992 | D        | Found a shimmering altar of Xom.
   992 | D        | Found a sacrificial altar of Ru.
   993 | D        | Found a glowing golden altar of the Shining One.
   993 | D        | Found an ornate altar of the Wu Jian Council.
   993 | D        | Found a stormy altar of Qazlal.
   993 | D        | Noticed a polar bear
   993 | D        | Noticed a polar bear
   994 | D        | Noticed a yaktaur
   994 | D        | Noticed a hornet
   996 | D        | Killed a polar bear
   996 | D        | Noticed a polar bear
   997 | D        | Reached XP level 9. HP: 79/92 MP: 8/8
   999 | D        | Killed a polar bear
  1000 | D        | Reached skill level 14 in Axes
  1004 | D        | Killed a polar bear
  1005 | D        | Reached skill level 15 in Axes
  1006 | D        | Killed a yaktaur
  1007 | D        | Reached skill level 1 in Stealth
  1044 | D        | Found a snail-covered altar of Cheibriados.
  1044 | D        | Found a hazy altar of Hepliaklqana.
  1055 | D        | Mangled by a boulder beetle

Illustrated notes

Levels and vault maps discovered:
D:        the_violet_keep_of_menkaure [sprint2_stairs_cluster_1,
          sprint2_shoproom, sprint2_temple, sprint2_basic_supplies,
          sprint2_obstacle_7, sprint2_obstacle_2, sprint2_obstacle_6,
          sprint2_obstacle_4, sprint2_obstacle_1, sprint2_timed_cluster_1,
          sprint2_smallroom_cluster_1, sprint2_smallroom_final_cluster_1,
          sprint2_transparent_cluster_1, sprint2_second_timed_cluster_1,
          sprint2_sniper_area_1, sprint2_heavy_combat_area_1,
          sprint2_mutation_trap_area_1, sprint2_forest_area_1,
          sprint2_light_combat_area_1, sprint2_behind_water_1,
          sprint2_near_end_vault_1]

Skill      XL: |  1  2  3  4  5  6  7  8  9 |
---------------+----------------------------+-----
Fighting       | 7 9 10 11 12 13 | 13.5
Axes           | 5 6 8 10 13 15 | 15.5
Armour         | 7 8 10 11 12 | 12.8
Shields        | 7 8 9 10 11 | 11.1
Dodging        | 1 3 4 |  4.1
Stealth        | 1 |  1.0

Action                   |  1- 3 |  4- 6 |  7- 9 || total
-------------------------+-------+-------+-------++-------
Melee: War axe           |     3 |    19 |    31 ||    53
       Headbutt          |       |     3 |     5 ||     8
       Battleaxe         |       |       |    20 ||    20
  Use: Potion            |     1 |       |     1 ||     2
Armor: Scale mail        |     2 |     4 |    18 ||    24
Dodge: Dodged            |     1 |     5 |    21 ||    27
Block: Buckler           |     1 |       |     6 ||     7
